AoeStats
← Théoden

African Clearing

510864632Analyzed
4v4 RM · 11h ago on Oct 2, 2026· 41m 2s· 8 players
Game mode
Random Map
Map size
Large (8 player)
Population
200
Speed
Normal
Resources
Standard
Victory
Conquest
Starting age
Dark Age
Ending age
Imperial Age
RankedLock teamsTeams togetherTeam positionsShared explorationLock speedFull tech treeHidden civsTurbo modeCheats
Victory
Defeat
🇹🇷 Mapuche · Türkiye
1628
+10
🇹🇷 Mongols · Türkiye
1584
+12
🇹🇷 Magyars · Türkiye
1516
+14
🇹🇷 Persians · Türkiye
1380
+20
🇲🇽 Spanish · Mexico
1674
-21
🇲🇽 Saxons · Mexico
1571
-18
🇺🇸 Vietnamese · United States
1393
-10
🇲🇽 Saracens · Mexico
1300
-7
VL Marcelsanz
3:45 Loom
12:53 Feudal Age
13:29 Double-Bit Axe
23:12 Castle Age
21:35 Horse Collar
22:18 Scale Mail Armor
23:24 Forging
23:39 Arson
24:27 Bow Saw
25:35 Squires
26:33 Arson
28:29 Squires
28:36 Gambesons
31:45 Wheelbarrow
30:59 Town Watch
31:30 Fletching
34:37 Hand Cart
36:03 Chain Mail Armor
37:26 Iron Casting
38:14 Bodkin Arrow
39:03 Gold Mining
39:24 Heavy Plow
43:12 Imperial Age
chiwire
3:19 Loom
13:22 Feudal Age
17:43 Castle Age
17:04 Double-Bit Axe
19:14 Scale Mail Armor
21:31 Forging
25:05 Bow Saw
40:17 Wheelbarrow
loco_angel
9:00 Loom
12:02 Feudal Age
16:53 Castle Age
16:05 Double-Bit Axe
33:33 Husbandry
35:18 Padded Archer Armor
40:11 Horse Collar
SamSax
6:04 Loom
12:02 Feudal Age
13:43 Horse Collar
15:27 Fletching
15:28 Horse Collar
19:44 Padded Archer Armor
22:21 Castle Age
23:00 Bodkin Arrow
28:25 Crossbowman
ATABEY
9:24 Loom
11:44 Feudal Age
20:29 Castle Age
19:01 Double-Bit Axe
20:34 Light Cavalry
Théoden
13:39 Feudal Age
18:31 Castle Age
17:19 Double-Bit Axe
17:25 Fletching
19:03 Loom
21:44 Bodkin Arrow
24:37 Ballistics
30:06 Horse Collar
32:55 Wheelbarrow
33:42 Padded Archer Armor
39:14 Imperial Age
37:19 Leather Archer Armor
37:46 Bow Saw
37:36 Heavy Plow
39:28 Hand Cart
40:59 Chemistry
41:15 Conscription
Göktürk
5:15 Loom
11:56 Feudal Age
16:07 Castle Age
14:24 Fletching
15:56 Double-Bit Axe
19:50 Padded Archer Armor
23:25 Bodkin Arrow
24:58 Leather Archer Armor
27:03 Bloodlines
26:53 Husbandry
28:39 Ballistics
38:09 Thumb Ring
[ICMW] Telepuni
9:14 Loom
20:34 Feudal Age
24:03 Castle Age
24:42 Double-Bit Axe
25:54 Scale Barding Armor
41:40 Imperial Age
40:56 Forging
41:06 Bloodlines
Connection lost

Rejoining the realm…

Still unreachable

The connection could not be restored.

Session expired

The server has moved on; the page needs a fresh start.